 Dungeon Crawl Stone Soup version 0.22-a0-904-g9a385b3 (webtiles) character file.

0 Psymania the Chiller (level 1, 11/11 HPs)
             Began as a Faerie Dragon Ice Elementalist on Jan 25, 2020.
             Quit the game on level 1 of the Dungeon.
             The game lasted 00:00:54 (19 turns).

Psymania the Chiller (Faerie Dragon Ice Elementalist) Turns: 19, Time: 00:00:54

Health: 11/11      AC:  6    Str:  6    XL:     1   Next: 10%
Magic:  3/3        EV: 14    Int: 18    God:
Gold:   7          SH:  6    Dex: 12    Spells: 3/4 levels left

rFire    . . .     SeeInvis .   (weapon restricted)
rCold    . . .     Gourm    .   (shield restricted)
rNeg     . . .     Faith    .   (helmet restricted)
rPois    .         Spirit   .   (no cloak)
rElec    .         Reflect  .   (no gloves)
rCorr    .         Harm     .   (no boots)
MR       .....                  (no amulet)
Stlth    ++........             (no ring)
HPRegen  0.03/turn              (no ring)
MPRegen  0.08/turn

@: flying
A: small, unfitting armour, magic attunement, magical scales, able to fly
a: Stop Flying


You were on level 1 of the Dungeon.
You were not hungry.
You have taken the pledge of the Explorer.
You visited 1 branch of the dungeon, and saw 1 of its levels.

You collected 7 gold pieces.

Inventory:

Armour
 a - a +0 cloak
Comestibles
 b - a ration


   Skills:
 + Level 2.2 Dodging
 - Level 1.0 Stealth
 + Level 2.4 Spellcasting
   Level 1.2 Conjurations
 + Level 3.6 Ice Magic


You had 3 spell levels left.
You knew the following spells:

 Your Spells              Type           Power        Failure   Level  Hunger
a - Freeze                Ice            ###.         3%          1    None

Your spell library contained the following spells:

 Spells                   Type           Power        Failure   Level  Hunger
 Throw Frost              Conj/Ice       ##....       10%         2    None
 Summon Ice Beast         Ice/Summ       #.......     63%         4    None
 Ozocubu's Armour         Chrm/Ice       #.......     24%         3    None
 Throw Icicle             Conj/Ice       ##......     54%         4    None


Dungeon Overview and Level Annotations

Branches:
Dungeon (1/15)

Altars:


Innate Abilities, Weirdness & Mutations

You cannot fit into any form of body armour.
You are small and have problems with some larger weapons.
Your spells do not cause hunger and MP costs are reduced by 1.
Your shimmering scales repel attacks. (AC +6, SH +6)
You can fly continuously.


Message History

You aren't carrying any scrolls.
You reach down and open the door.
There is an open door here.
A kobold comes into view. It is wielding a dagger.
Found a stone staircase leading down.
Unknown command.
The kobold closely misses you.
You miss the kobold. You block the kobold's attack.
You closely miss the kobold. The kobold hits you but does no damage.
Casting: Freeze (safe; 4% risk of failure)
Confirm with . or Enter, or press ? or * to list all spells.
Aiming: Freeze (safe; 4% risk of failure)
Press: ? - help, Shift-Dir - straight line, f - kobold
Aim: a kobold, wielding a dagger You freeze the kobold.
You kill the kobold!
Things that are here:
a dagger; a kobold corpse
Okay, then.
Are you sure you want to abandon this character and quit the game? (Confirm with "yes".)

#...# #.# #...# #.#
##...## #.#
#####..P..##### #.#
#.............###.#
.....P.<.P.....'..#####
#.............##......##
#####..P..#######.#.....
##...##>..@.......##
#...#.######..#.## #..(#
##.# # #...# .# ##.## .#
#+ .# .#


There were no monsters in sight!

Vanquished Creatures
  A kobold (D:1)
1 creature vanquished.

Notes
Turn   | Place    | Note
-------+----------+-------------------------------------------
     0 | D:1      | Psymania the Faerie Dragon Ice Elementalist began the quest for the Orb.
     0 | D:1      | Reached XP level 1. HP: 11/11 MP: 3/3
    19 | D:1      | Quit the game

Vault maps used:
D:1:      evilmike_arrival_plus, minmay_heptomino_h4

Action                   || total
-------------------------++-------
Melee: Unarmed           ||     2
 Cast: Freeze            ||     1
Armor: Skin              ||     1
Dodge: Dodged            ||     1
Block: Other             ||     1

Table legend:
 A = Spawn XP
 B = Non-spawn XP
 C = Spawn XP percentage of total XP
 D = Spawn monster count
 E = Non-spawn monster count
 F = Spawn count percentage of total count
 G = Total turns spent on level
                    A         B        C        D         E        F      G
               +---------+---------+-------+---------+---------+-------+---------
         Total |       0 |       1 |   0.0 |       0 |       1 |   0.0 |    19
               +---------+---------+-------+---------+---------+-------+---------
           D:1 |       0 |       1 |   0.0 |       0 |       1 |   0.0 |    19
               +---------+---------+-------+---------+---------+-------+---------
